 Dungeon Crawl Stone Soup version 0.31.0-32-g396128a36d (webtiles) character file.

Game seed: 8452692712588008031

2424 uncleiroh the Conjurer (level 9, -5/62 HPs)
             Began as a Black Draconian Conjurer on Apr 10, 2024.
             Was an Initiate of Yredelemnul.
             Killed from afar by Maggie (25 damage)
             ... with a bolt of fire
             ... on level 8 of the Dungeon.
             The game lasted 00:45:15 (7986 turns).

uncleiroh the Conjurer (Black Draconian Conjurer)   Turns: 7986, Time: 00:45:15

Health: -5/62      AC: 15    Str:  9    XL:     9   Next: 24%
Magic:  1/18       EV: 18    Int: 24    God:    Yredelemnul [......]
Gold:   246        SH:  0    Dex:  9    Spells: 17/20 levels left

rFire   . . .        z - +2 short sword (protect)
rCold   . . .        (no shield)
rNeg    . . .        (body armour unavailable)
rPois   +            (helmet restricted)
rElec   +            E - +0 cloak
rCorr   .            (no gloves)
SInv    .            (no boots)
Will    .....        (no amulet)
Stlth   +++          i - +5 ring of evasion
HPRegen 0.30/turn    l - ring of poison resistance
MPRegen 0.16/turn

%: no passive effects
@: under a protective aura, mesmerised
A: breathe lightning, AC +7, unfitting armour, electricity resistance,
cold-blooded
a: Breathe Lightning, Renounce Religion, Recall Undead Harvest


You were on level 8 of the Dungeon.
You worshipped Yredelemnul.
Yredelemnul was noncommittal.
You visited 2 branches of the dungeon, and saw 9 of its levels.

You collected 246 gold pieces.

Inventory:

Hand Weapons
 d - a +3 dagger
 n - the +4 hand axe of Vanity {flame, *Rage rElec rCorr Dex+3}
   (You found it on level 2 of the Dungeon)

   Dex+3:     It affects your dexterity (+3).
   rElec:     It insulates you from electricity.
   *Rage:     It berserks you when you make melee attacks (+20% chance).
   rCorr:     It protects you from acid and corrosion.
 z - a +2 short sword of protection (weapon)
Missiles
 f - 4 atropa-tipped darts
 r - 3 javelins
 B - 6 silver javelins
Armour
 E - a +0 cloak (worn)
 G - a +2 kite shield
Magical Staves
 p - a staff of earth
 t - a staff of air
Jewellery
 i - a +5 ring of evasion (left hand)
 l - a ring of poison resistance (right hand)
 A - a ring of protection from fire
Wands
 a - a wand of polymorph (6)
 k - a wand of quicksilver (9)
 y - a wand of charming (9)
Scrolls
 b - 2 scrolls of revelation
 c - a scroll of blinking
 e - a scroll of amnesia
 g - 3 scrolls of fear
 h - a scroll of immolation
 o - 2 scrolls of poison
 w - a scroll of fog {unknown}
 C - 3 scrolls of teleportation {unknown}
 F - a scroll of vulnerability
Potions
 j - 3 potions of curing
 m - 2 potions of degeneration {unknown}
 q - a potion of resistance {unknown}
 s - 2 potions of heal wounds {unknown}
 u - 2 potions of enlightenment {unknown}
 v - a potion of might
 D - a potion of cancellation {unknown}


   Skills:
 + Level 6.0 Dodging
 + Level 6.4 Stealth
 + Level 6.0 Spellcasting
 + Level 7.4 Conjurations


You had 17 spell levels left.
You knew the following spells:

 Your Spells              Type           Power      Damage    Failure   Level
a - Magic Dart            Conj           100%       1d8       1%          1
b - Searing Ray           Conj           86%        2d7       1%          2

Your spell library contained the following spells:

 Spells                   Type           Power      Damage    Failure   Level
 Fulminant Prism          Conj/Alch      12%        3d8       17%         4
 Iskenderun's Mystic Bla  Conj/Tloc      25%        2d7       17%         4


Dungeon Overview and Level Annotations

Branches:
Dungeon (8/15)             Temple (1/1) D:4
   Lair: D:8-11

Altars:
Ashenzari
Cheibriados
Dithmenos
Fedhas
Gozag
Hepliaklqana
Kikubaaqudgha
Makhleb
Nemelex Xobeh
Okawaru
Qazlal
Ru
Trog
Vehumet
Wu Jian
Yredelemnul
Zin
The Shining One

Shops:
D:5 *

Annotations:
D:2 1 runed translucent door, Crazy Yiuf
D:3 3 runed translucent doors, Consumeair16's ghost, amateur GnCj; TheFallenCrow's ghost, weakling OpSh; flammie80's ghost, weakling FoMo; tymior's ghost, amateur BaHs; unlimited1921's ghost, amateur DjFE
D:5 Menkaure
D:8 Maggie


Innate Abilities, Weirdness & Mutations

You can breathe wild blasts of lightning.
Your glossy black scales are hard. (AC +7)
You cannot fit into any form of body armour.
You are resistant to electric shocks. (rElec)
You are cold-blooded and may be slowed by cold attacks.


Message History

The searing ray hits Maggie but does no damage.
Maggie is severely wounded. (Press . to maintain the ray.) Maggie mumbles some strange words.
Maggie attempts to bespell you!
You are mesmerised by Maggie!
The searing ray hits Maggie.
Maggie is severely wounded.
Maggie barely misses you.
The searing ray hits Maggie but does no damage.
Maggie is severely wounded.
Maggie misses you.
The searing ray hits Maggie!
Maggie is almost dead.
You finish channelling your searing ray.
Maggie closely misses you.
You feel better.
Maggie hits you with a +0 scimitar of flaming!
Maggie burns you.
* * * LOW HITPOINT WARNING * * *
You hit Maggie but do no damage.
Your weapon exudes an aura of protection.
Maggie is almost dead.
Maggie misses you.
You barely miss Maggie. You punch Maggie, but do no damage.
Maggie is almost dead.
Maggie barely misses you.
You hit Maggie but do no damage.
Maggie is almost dead.
Maggie misses you.
You hit Maggie but do no damage.
Maggie is almost dead.
Maggie casts a spell.
Maggie draws you further into her thrall.
You barely miss Maggie.
Maggie is almost dead.
Maggie casts a spell at you. The bolt of fire hits you!!
You die...
Your body rises from the dead as a mindless zombie.

..........##
...........#
...........#
...........#####
.........!.....#
...............#
......@........#
......?@<.#
..##.....##
###.##.. #. ....
.. .#.... .#.
###### ###. ##


You could see Maggie (mesmerising).

Vanquished Creatures
  2 steam dragons
  2 water moccasins
  2 black bears
  An orc warrior (D:7)
  2 ogres
  3 phantoms
  3 bullfrogs
  A scorpion (D:5)
  3 bombardier beetles
  3 hounds
  2 jellies
  An orc priest (D:2)
  A sleepcap (D:6)
  Terence (D:2)
  An iguana (D:5)
  2 orc wizards
  Natasha (twice) (D:2)
  7 adders
  A white imp (D:6)
  3 ufetubi (D:5)
  6 dart slugs
  A ribbon worm (D:3)
  26 orcs
  5 ball pythons
  11 bats
  3 endoplasms
  3 giant cockroaches
  5 goblins
  5 hobgoblins
  A jackal (D:3)
  10 kobolds
  8 quokkas
  6 frilled lizards
  7 rats
140 creatures vanquished.

Vanquished Creatures (collateral kills)
  A bullfrog (D:7)
  2 scorpions (D:5)
  A bombardier beetle (D:5)
  A jelly (D:7)
  An orc priest (D:5)
  An iguana (D:6)
  An orc wizard (D:5)
  An adder (D:5)
  A shadow imp (D:7)
  A white imp (D:7)
  An ufetubus (D:5)
  4 orcs
16 creatures vanquished.

Vanquished Creatures (others)
  2 bullfrog zombies
  A scorpion zombie (D:5)
  A steam dragon zombie (D:7)
  2 iguana zombies
  A jelly zombie (D:7)
  An adder zombie (D:5)
  A spectral white imp (D:7)
  A bombardier beetle zombie (D:5)
  8 orc zombies
  3 spectral ufetubi (D:5)
21 creatures vanquished.

Grand Total: 177 creatures vanquished

Notes
Turn   | Place    | Note
-------+----------+-------------------------------------------
     0 | D:1      | uncleiroh the Draconian Conjurer began the quest for the
                  | Orb.
     0 | D:1      | Reached XP level 1. HP: 14/14 MP: 3/3
   192 | D:1      | Reached XP level 2. HP: 20/20 MP: 0/5
   929 | D:2      | Reached XP level 3. HP: 26/26 MP: 4/6
  1091 | D:2      | Found a runed translucent door.
  1092 | D:2      | Noticed Crazy Yiuf
  1219 | D:2      | Identified the +4 hand axe of Vanity {flame, *Rage rElec
                  | rCorr Dex+3}
  1270 | D:2      | Noticed Terence
  1275 | D:2      | Noticed Natasha
  1298 | D:2      | Killed Natasha
  1308 | D:2      | Reached XP level 4. HP: 10/33 MP: 0/8
  1536 | D:2      | Killed Terence
  1771 | D:2      | Noticed Natasha
  1774 | D:2      | Killed Natasha
  1775 | D:2      | Reached XP level 5. HP: 38/38 MP: 5/9
  2191 | D:3      | Found a sacrificial altar of Ru.
  2749 | D:3      | Found a runed translucent gate.
  2749 | D:3      | Found a runed translucent gate.
  2750 | D:3      | Found a runed translucent gate.
  2750 | D:3      | Noticed tymior's ghost (amateur BaHs)
  2750 | D:3      | Noticed TheFallenCrow's ghost (weakling OpSh)
  2751 | D:3      | Noticed Consumeair16's ghost (amateur GnCj)
  2751 | D:3      | Noticed unlimited1921's ghost (amateur DjFE)
  2751 | D:3      | Noticed flammie80's ghost (weakling FoMo)
  2804 | D:3      | Learned a level 2 spell: Searing Ray
  3039 | D:3      | Found a bloodstained altar of Trog.
  3093 | D:3      | Reached skill level 5 in Conjurations
  3390 | D:4      | Reached XP level 6. HP: 45/45 MP: 8/11
  3653 | D:4      | Found a glowing golden altar of the Shining One.
  4034 | D:4      | Found a staircase to the Ecumenical Temple.
  4042 | Temple   | Entered the Ecumenical Temple
  4181 | Temple   | Became a worshipper of Yredelemnul the Dark
  4294 | D:4      | Identified the +1 leather armour of the Shoals {Rampage
                  | rPois MP+9 Str-4}
  4351 | D:4      | Reached * piety under Yredelemnul
  4352 | D:4      | Your scales start taking on a glossy black colour.
  4352 | D:4      | Reached XP level 7. HP: 50/50 MP: 4/12
  4352 | D:4      | Gained mutation: You are resistant to electric shocks.
                  | (rElec) [Black Draconian growth]
  4513 | D:5      | Entered Level 5 of the Dungeon
  4970 | D:5      | Found Ewuulu Eppu's Assorted Antiques.
  5164 | D:5      | Reached skill level 6 in Conjurations
  5308 | D:5      | Reached XP level 8. HP: 57/57 MP: 10/14
  5330 | D:5      | Reached skill level 5 in Stealth
  5456 | D:5      | Noticed Menkaure
  5736 | D:6      | Reached skill level 5 in Spellcasting
  5834 | D:6      | Found a radiant altar of Vehumet.
  5840 | D:6      | Reached skill level 5 in Dodging
  6108 | D:6      | Reached ** piety under Yredelemnul
  6241 | D:6      | Found a burning altar of Makhleb.
  6287 | D:6      | Found a broken altar of Ashenzari.
  6287 | D:6      | Found a stormy altar of Qazlal.
  6294 | D:6      | Reached skill level 7 in Conjurations
  6294 | D:6      | Found a glowing silver altar of Zin.
  6344 | D:6      | Found an ancient bone altar of Kikubaaqudgha.
  6953 | D:7      | Reached XP level 9. HP: 57/62 MP: 10/17
  7070 | D:7      | Found an iron altar of Okawaru.
  7071 | D:7      | Found a sparkling altar of Nemelex Xobeh.
  7953 | D:8      | Noticed Maggie
  7986 | D:8      | Killed from afar by Maggie

Illustrated notes

Levels and vault maps discovered:
D:1:      tarquinn_simple_flora_water_c, layout_rooms
D:2:      cheibrodos_pilgrimage, layout_rooms, uniq_crazy_yiuf_cottage,
          uniq_terence, uniq_natasha
D:3:      layout_loops_ring, nicolae_ru_great_annihilating_truth,
          trog_butcher_becter, gammafunk_ghost_cemetery, st_stairs_12
D:4:      layout_cave_pools, mainiacjoe_overflow_concentric_impassable,
          temple_statues
D:5:      layout_rooms, nicolae_overflow_hidden_temple, serial_shops, shop,
          grunt_ministairs_6, uniq_menkaure
D:6:      layout_rooms, vehumet_crystals, minitemple
D:7:      layout_cave_pods, mainiacjoe_overflow_divided_tiny,
          minmay_misc_feat_five
D:8:      lemuel_insect_pit, layout_rooms, nicolae_overflow_crystal_walls,
          dreamdust_wishing_well, nicolae_elemental_shop, chequers_garden,
          uniq_maggie
Temple:   hellmonk_temple_beads

Skill      XL: |  1  2  3  4  5  6  7  8  9 |
---------------+----------------------------+-----
Dodging        | 2 3 4 5 6 |  6.0
Stealth        | 2 3 4 6 |  6.4
Spellcasting   | 3 4 5 6 |  6.0
Conjurations   | 5 6 7 |  7.4

Action                     |  1- 3 |  4- 6 |  7- 9 || total
---------------------------+-------+-------+-------++-------
  Melee: Unarmed           |     1 |       |       ||     1
         Dagger            |     7 |    31 |    22 ||    60
         Tailslap          |       |     2 |     4 ||     6
         Short sword       |       |       |    24 ||    24
         Punch             |       |       |     2 ||     2
   Cast: Magic Dart        |    66 |   163 |   224 ||   453
         Searing Ray       |       |       |     7 ||     7
    Use: Scroll            |       |     5 |     6 ||    11
         Potion            |       |     3 |     1 ||     4
 Armour: Skin              |     7 |    55 |    96 ||   158
  Dodge: Dodged            |    15 |   100 |   131 ||   246
